 Dungeon Crawl Stone Soup version 0.21-a0-104-g7b58145 (webtiles) character file.

1063 grindst0ne the Fighter (level 8, -8/88 HPs)
             Began as an Ogre Hunter on July 5, 2017.
             Was a Follower of Okawaru.
             Mangled by an ogre
             ... wielding a +0 giant club
              (30 damage)
             ... on level 5 of the Dungeon.
             The game lasted 00:15:25 (6917 turns).

grindst0ne the Fighter (Ogre Hunter)                Turns: 6917, Time: 00:15:26

Health: -8/88      AC:  3    Str: 18    XL:     8   Next: 27%
Magic:  8/8        EV: 10    Int: 13    God:    Okawaru [*.....]
Gold:   225        SH:  0    Dex:  7    Spells: 7/7 levels left

rFire    + . .     SeeInvis .   v - +2 whip (venom)
rCold    . . .     Gourm    .   (no shield)
rNeg     . . .     Faith    .   b - +0 robe
rPois    .         Spirit   .   (helmet restricted)
rElec    .         Reflect  .   (no cloak)
rCorr    .         Harm     .   (gloves unavailable)
MR       .....                  (boots unavailable)
Stlth    +.........             (no amulet)
HPRegen  0.24/turn              G - ring of wizardry
MPRegen  0.11/turn              y - ring of protection from fire

@: very slightly contaminated
A: unfitting armour, blink, clumsy 1, tough skin 1
a: Blink, Heroism, Renounce Religion


You were on level 5 of the Dungeon.
You worshipped Okawaru.
Okawaru was aware of your devotion.
You were not hungry.

You visited 2 branches of the dungeon, and saw 7 of its levels.

You collected 225 gold pieces.

Inventory:

Hand Weapons
 a - a +0 short sword
 u - a +2 hand axe of electrocution
 v - a +2 whip of venom (weapon)
 F - a +0 giant club
Missiles
 c - a throwing net (quivered)
 g - 226 stones
Armour
 b - a +0 robe (worn)
Jewellery
 l - an uncursed ring of flight
 y - a ring of protection from fire (right hand)
 G - a ring of wizardry (left hand)
Wands
 h - a wand of flame (10/48)
 t - a wand of disintegration (13/24)
Scrolls
 d - a scroll of immolation {unknown}
 e - a scroll of recharging {unknown}
 m - 2 scrolls of blinking
 n - a scroll of magic mapping
 q - a scroll of identify
 r - a scroll of amnesia
 x - 2 scrolls of remove curse
 E - a scroll of teleportation {unknown}
Potions
 i - a potion of magic
 o - 4 potions of curing
 z - a potion of cancellation
 A - a potion of flight
 C - a potion of heal wounds
 D - 2 potions of agility
Comestibles
 f - 2 bread rations
 j - a royal jelly
 k - 3 chunks of flesh
 s - 4 meat rations
 B - 11 fruits


   Skills:
 + Level 8.0 Fighting
 * Level 5.1 Maces & Flails
 - Level 6.0 Throwing
 - Level 1.7 Dodging
 - Level 0.6 Stealth


You had 7 spell levels left.
You didn't know any spells.

Dungeon Overview and Level Annotations

Branches:
Dungeon (6/15)             Temple (1/1) D:4

Altars:
Ashenzari
Cheibriados
Dithmenos
Elyvilon
Fedhas
Gozag
Hepliaklqana
Kikubaaqudgha
Makhleb
Nemelex Xobeh
Okawaru
Qazlal
Ru
Sif Muna
Trog
Uskayaw
Vehumet
Wu Jian
Yredelemnul
Zin
The Shining One

Annotations:
D:6 Pikel


Innate Abilities, Weirdness & Mutations

You are too large for most types of armour.
You have tough skin. (AC +1)
You can translocate small distances at will.
You are clumsy. (Dex -2)


Message History

You feel much better. The ogre hits you with a giant club!
* * * LOW HITPOINT WARNING * * *
Throwing (i - inventory. (,) - cycle):
H - 2 large rocks (quivered)
Press: ? - help, Shift-Dir - straight line, f - orc
Aim: an orc You throw a large rock.
The large rock hits the orc!!
You kill the orc!
Okawaru accepts your kill. The ogre barely misses you.
The ogre barely misses you.
Throwing (i - inventory. (,) - cycle):
H - a large rock (quivered)
Press: ? - help, Shift-Dir - straight line, f - ogre
Aim: an ogre, wielding a giant club You throw a large rock.
The large rock hits the ogre!
The ogre is heavily wounded.
The ogre barely misses you.
You hit the ogre.
The ogre is poisoned.
The ogre is severely wounded.
The ogre hits you with a giant club!!
You die...

####...........#..##≈≈≈.##..##.##
..###..........##..#≈≈≈.##...#..(
................#..##≈..#........
#.##########....##..#≈.#.........
..##...........###..#............
#..#.########....#..#............
#..........#.....#..#............
.....#####.......####).......#...
....###.........@O(.......#####.#
........###...............#####.#
.........##.........(.........>..
.........##...............#####..
.........##...............# ###
.>.......###.............##
###......##.......#.....##
.##.........##.#........#
..#............[........# ####


You could see an ogre.

Vanquished Creatures
  Edmund (D:5)
  Duvessa (D:5)
  A slave (D:6)
  2 ogres
  A big kobold (D:5)
  Dowan (D:5)
  A bullfrog zombie (D:5)
  A quasit (D:5)
  A hound (D:5)
  A jelly (D:5)
  A bullfrog skeleton (D:5)
  3 orc wizards
  Natasha (D:2)
  2 worker ants (D:5)
  A hound skeleton (D:5)
  A howler monkey zombie (D:5)
  12 adders
  A shadow imp (D:5)
  2 oozes
  4 dart slugs
  2 leopard geckos
  11 orcs
  2 ball pythons
  11 giant cockroaches
  6 goblins
  8 hobgoblins
  6 jackals
  15 kobolds
  3 quokkas
  6 bats
  A frilled lizard (D:1)
  A quokka zombie (D:3)
  7 rats
118 creatures vanquished.

Notes
Turn   | Place    | Note
-------+----------+-------------------------------------------
     0 | D:1      | grindst0ne the Ogre Hunter began the quest for the Orb.
     0 | D:1      | Reached XP level 1. HP: 22/22 MP: 1/1
    89 | D:1      | Reached skill level 3 in Fighting
   183 | D:1      | Reached XP level 2. HP: 31/31 MP: 2/2
   835 | D:1      | Reached XP level 3. HP: 17/39 MP: 3/3
  1236 | D:2      | Reached skill level 4 in Fighting
  1843 | D:2      | Reached XP level 4. HP: 48/49 MP: 4/4
  1950 | D:2      | Noticed Natasha
  1953 | D:2      | Killed Natasha
  1953 | D:2      | Reached skill level 1 in Maces & Flails
  3082 | D:3      | Reached skill level 5 in Throwing
  3082 | D:3      | Reached XP level 5. HP: 48/55 MP: 5/5
  3147 | D:3      | Reached skill level 5 in Fighting
  3864 | D:4      | Noticed an ogre
  3866 | D:4      | Killed an ogre
  3866 | D:4      | Reached XP level 6. HP: 67/67 MP: 6/6
  3921 | D:4      | Found a staircase to the Ecumenical Temple.
  3927 | Temple   | Entered the Ecumenical Temple
  4087 | Temple   | Became a worshipper of Warmaster Okawaru
  4667 | D:5      | Entered Level 5 of the Dungeon
  4686 | D:5      | Reached skill level 6 in Fighting
  4995 | D:5      | Reached XP level 7. HP: 72/76 MP: 7/7
  5296 | D:5      | Found an ornate altar of the Wu Jian Council.
  5456 | D:5      | Noticed Duvessa
  5456 | D:5      | Noticed Dowan
  5521 | D:5      | Killed Dowan
  5537 | D:5      | Gained mutation: You are clumsy. (Dex -2) [potion of mutation]
  5537 | D:5      | Gained mutation: You can translocate small distances at will. [potion of mutation]
  5587 | D:5      | Reached * piety under Okawaru
  5587 | D:5      | Reached skill level 7 in Fighting
  5982 | D:5      | Killed Duvessa
  6252 | D:5      | Noticed Edmund
  6257 | D:5      | Killed Edmund
  6257 | D:5      | Reached XP level 8. HP: 88/88 MP: 8/8
  6392 | D:5      | Reached skill level 5 in Maces & Flails
  6530 | D:5      | Reached skill level 8 in Fighting
  6878 | D:6      | Noticed Pikel
  6896 | D:6      | HP: 4/88 [ogre/giant club (21)]
  6917 | D:5      | Mangled by an ogre

Vault maps used:
D:1:      onia_arrival_mini_spirals, minmay_split_cup_small
D:2:      wad_lake_hut, uniq_natasha
D:3:      first_bread
D:4:      minmay_temple_entry_hall
D:5:      cheibrodos_thug_alley, basic_altar, serial_bayou_ford_a, uniq_edmund,
          uniq_duvessa
D:6:      kennysheep_little_box, uniq_pikel
Temple:   minmay_crystal_snake_temple

Skill      XL: |  1  2  3  4  5  6  7  8 |
---------------+-------------------------+-----
Fighting       | 3 4 5 6 7 8 |  8.0
Maces & Flails | 1 2 4 5 |  5.1
Throwing       | 5 6 |  6.0
Dodging        | |  1.7
Stealth        | |  0.6

Action                   |  1- 3 |  4- 6 |  7- 9 || total
-------------------------+-------+-------+-------++-------
Melee: Short sword       |    84 |       |       ||    84
       Whip              |    25 |   156 |   128 ||   309
       Hand axe          |     2 |       |       ||     2
Throw: Large rock        |     8 |    21 |    26 ||    55
       Throwing net      |       |       |     2 ||     2
  Use: Potion            |       |       |    10 ||    10
       Scroll            |       |       |     8 ||     8
 Stab: Sleeping          |     1 |     2 |       ||     3
  Eat: Chunk             |     3 |     9 |     7 ||    19
Armor: Robe              |    39 |    39 |    37 ||   115
       Skin              |       |       |     2 ||     2
Dodge: Dodged            |    85 |    98 |    85 ||   268
